 Dungeon Crawl Stone Soup version 0.24.0-37-gcf1ca852f1 (webtiles) character file.

Game seed: 17571691421739948408, levelgen mode: deterministic

144 Descartes the Scratcher (level 5, -4/22 HPs)
             Began as a Felid Transmuter on Nov 26, 2019.
             Killed from afar by Dowan (12 damage)
             ... with a puff of flame
             ... on level 4 of the Dungeon.
             The game lasted 00:07:53 (5336 turns).

Descartes the Scratcher (Felid Transmuter)          Turns: 5336, Time: 00:07:54

Health: -4/22      AC:  1    Str:  6    XL:     5   Next: 5%
Magic:  9/9        EV: 19    Int: 15    God:
Gold:   205        SH:  0    Dex: 17    Spells: 8/9 levels left
                                        Lives:  0   Deaths: 1

rFire    . . .     SeeInvis +     - Unarmed
rCold    . . .     Gourm    .   (shield unavailable)
rNeg     . . .     Faith    .   (armour unavailable)
rPois    .         Spirit   .   (helmet unavailable)
rElec    .         Reflect  .   (cloak unavailable)
rCorr    .         Harm     .   (gloves unavailable)
MR       .....                  (boots unavailable)
Stlth    +++.......             (no amulet)
HPRegen  0.07/turn              (no ring)
MPRegen  0.11/turn              (no ring)

@: appendage, quick
A: very small, no armour, no weapons or thrown items, stealth, claws 1, fangs 3,
horns 2, see invisible, carnivore, speed 1, shaggy fur 1, slow metabolism 1,
sharp paws
a: End Transformation


You were on level 4 of the Dungeon.
You were completely stuffed.
You had grown temporary horns.
You visited 1 branch of the dungeon, and saw 4 of its levels.

You collected 205 gold pieces.

Inventory:

Missiles
 a - 37 arrows
 b - 119 stones
Scrolls
 d - a scroll of torment {unknown}
 e - a scroll of teleportation {unknown}
 f - 2 scrolls of remove curse {unknown}
 j - a scroll of amnesia {unknown}
 k - a scroll of magic mapping {unknown}
 l - a scroll of fog {unknown}
 m - a scroll of enchant weapon {unknown}
Potions
 g - a potion of heal wounds
 h - a potion of curing {unknown}
 i - 2 potions of might
Comestibles
 c - 6 rations
 n - a chunk of flesh


   Skills:
 + Level 1.9 Fighting
 + Level 3.7 Dodging
 * Level 3.5 Stealth
 * Level 4.0 Unarmed Combat
 + Level 2.6 Spellcasting
 + Level 3.1 Transmutations


You had 8 spell levels left.
You knew the following spells:

 Your Spells              Type           Power        Failure   Level  Hunger
a - Beastly Appendage     Tmut           ##....       6%          1    #......

Your spell library contained the following spells:

 Spells                   Type           Power        Failure   Level  Hunger
 Sticks to Snakes         Tmut           ##......     9%          2    ###....
 Spider Form              Tmut/Pois      #.........   32%         3    ###....
 Ice Form                 Ice/Tmut       #.......     73%         4    #####..
 Blade Hands              Tmut           ##........   85%         5    ######.


Dungeon Overview and Level Annotations

Branches:
Dungeon (4/15)
 Temple: D:4-7

Altars:
Cheibriados
Nemelex Xobeh
Vehumet
The Shining One

Annotations:
D:4 Dowan, Duvessa


Innate Abilities, Weirdness & Mutations

You cannot wear armour.
You are incapable of wielding weapons or throwing items.
Your paws allow you to move quietly. (Stealth)
You have sharp claws.
You have razor-sharp teeth.
You have supernaturally acute eyesight. (SInv)
You are carnivorous and can eat meat at any time.
You cover ground quickly.
You are covered in fur. (AC +1)
You have a slow metabolism.
Your sharp claws are effective at attacking unaware monsters.
You have a pair of horns on your head.


Message History

Dowan points at you and mumbles some strange words.
You easily resist.
You scratch Duvessa but do no damage. You headbutt Duvessa.
Duvessa is severely wounded.
Duvessa closely misses you.
Dowan points at you and mumbles some strange words.
The puff of flame hits you!
You scratch Duvessa but do no damage.
Duvessa is severely wounded.
Duvessa barely misses you.
You barely miss Duvessa.
Duvessa is severely wounded.
Dowan says, "Magic and the sword, together, will defeat you."
Dowan completely misses you. Duvessa hits you with a +0 short sword.
You closely miss Duvessa.
Duvessa is severely wounded.
Dowan casts a spell at you. The puff of flame hits you!
Ouch! That really hurt!
You die...

.. #. ########
##.####...)..# .
.............+ .. >
#............# .##..
# ..#.#.......+ ...
..
#.#...e...####.###..#
#.....@e............
#<##.#+###.......##
#.#### #........#..
... ##..........
.#.## #..........
....# ####+##.... ##
..# ... ..# #. ...#


You could see Duvessa and Dowan.

Vanquished Creatures
  2 orc wizards (D:3)
  5 adders
  2 oozes (D:1)
  3 worms (D:2)
  A dart slug (D:1)
  A leopard gecko (D:1)
  7 orcs (D:3)
  9 bats
  9 goblins
  8 hobgoblins
  4 jackals (D:1)
  6 kobolds
  7 frilled lizards
  10 rats
74 creatures vanquished.

Vanquished Creatures (others)
  A bat (D:2)
  A kobold (D:2)
  2 rats (D:2)
4 creatures vanquished.

Grand Total: 78 creatures vanquished

Notes
Turn   | Place    | Note
-------+----------+-------------------------------------------
     0 | D:1      | Descartes the Felid Transmuter began the quest for the Orb.
     0 | D:1      | Reached XP level 1. HP: 9/9 MP: 4/4
   435 | D:1      | Reached skill level 1 in Stealth
   435 | D:1      | Reached XP level 2. HP: 12/12 MP: 6/6
   599 | D:1      | You fall into a shaft and drop 1 floor!
   936 | D:1      | Reached XP level 3. HP: 14/15 MP: 7/7
  2476 | D:2      | Reached XP level 4. HP: 17/19 MP: 8/8
  3466 | D:2      | Succumbed to an adder's poison
  3467 | D:2      | Reached XP level 3. HP: 0/15 MP: 7/7
  3510 | D:2      | Found a radiant altar of Vehumet.
  4186 | D:3      | Reached XP level 4. HP: 19/19 MP: 8/8
  4273 | D:3      | Found a glowing golden altar of the Shining One.
  4280 | D:3      | Found a sparkling altar of Nemelex Xobeh.
  4288 | D:3      | Found a snail-covered altar of Cheibriados.
  4653 | D:3      | Reached skill level 4 in Unarmed Combat
  4653 | D:3      | Reached XP level 5. HP: 3/22 MP: 9/9
  5311 | D:4      | Noticed Duvessa
  5312 | D:4      | Noticed Dowan
  5336 | D:4      | Killed from afar by Dowan

Levels and vault maps discovered:
D:1:      minmay_arrival_up_and_down, layout_basic
D:2:      layout_rooms, fiery_altar_vehumet, st_stairs_13
D:3:      layout_loops_ring, minmay_overflow_temple_star_quad, first_ration,
          dk_noncrumbling_2
D:4:      layout_basic, kennysheep_mini_moat, makhleb_blood_cavern_becter,
          uniq_duvessa

Skill      XL: |  1  2  3  4 |
---------------+-------------+-----
Stealth        | 1 2 3 |  3.5
Dodging        | 3 |  3.7
Transmutations | 3 |  3.1
Unarmed Combat | 4 |  4.0
Fighting       | |  1.9
Spellcasting   | |  2.6

Action                   |  1- 3 |  4- 6 || total
-------------------------+-------+-------++-------
Melee: Unarmed           |   142 |   115 ||   257
       Bite              |    11 |     6 ||    17
       Punch             |     4 |     2 ||     6
       Headbutt          |       |     1 ||     1
 Cast: Beastly Appendage |       |     1 ||     1
  Use: Scroll            |     2 |     1 ||     3
 Stab: Sleeping          |    12 |     2 ||    14
       Distracted        |       |     1 ||     1
  Eat: Chunk             |    17 |     4 ||    21
Armor: Skin              |     9 |     5 ||    14
Dodge: Dodged            |   145 |    78 ||   223
